 Dungeon Crawl Stone Soup version 0.31-a0-149-g3fdcc5976a (webtiles) character file.

Game seed: 11879950642557718

475 qw the Skirmisher (level 6, -9/56 HPs)
             Began as a Minotaur Hunter on June 7, 2023.
             Mangled by Duvessa
             ... wielding a +0 short sword
              (14 damage)
             ... on level 4 of the Dungeon.
             The game lasted 00:01:07 (2758 turns).

qw the Skirmisher (Minotaur Hunter)                 Turns: 2758, Time: 00:01:08

Health: -9/56      AC:  4    Str: 16    XL:     6   Next: 84%
Magic:  5/5        EV: 11    Int:  6    God:
Gold:   125        SH:  0    Dex: 18    Spells: 5/5 levels left

rFire   . . .        Y - +2 shortbow
rCold   . . .        (shield currently unavailable)
rNeg    . . .        h - +0 ring mail
rPois   .            a - -2 hat of Circular Logic {Dex+3 Slay+6}
rElec   .            j - +0 cloak
rCorr   .            (no gloves)
SInv    .            (no boots)
Will    .....        (no amulet)
Stlth   +            (no ring)
HPRegen 0.29/turn    (no ring)
MPRegen 0.09/turn

%: no passive effects
@: no status effects
A: horns 2, retaliatory headbutt
a: no special abilities


You were on level 4 of the Dungeon.
You visited 1 branch of the dungeon, and saw 4 of its levels.

You collected 125 gold pieces.


Innate Abilities, Weirdness & Mutations

You have a pair of horns on your head.
You reflexively headbutt those who attack you in melee.


   Skills:
 - Level 5.0 Fighting
 - Level 8.0 Ranged Weapons
 - Level 1.0 Armour
 + Level 2.1 Dodging
 - Level 0.7 Stealth


You had 5 spell levels left.
You didn't know any spells.
Your spell library was empty.

Inventory:

Hand Weapons
 Y - a +2 shortbow (weapon)
Armour
 a - the -2 hat of Circular Logic (worn) {Dex+3 Slay+6}
   (You acquired it on level 3 of the Dungeon)

   Dex:       It affects your dexterity (+3).
   Slay:      It affects your accuracy & damage with ranged weapons and melee
   (+6).
 h - a +0 ring mail (worn)
 j - a +0 cloak (worn)
Scrolls
 b - a scroll of identify
Potions
 c - a potion of haste
 d - a potion of curing
 i - a potion of attraction {unknown}

Dungeon Overview and Level Annotations

Branches:
Dungeon (4/15)
 Temple: D:4-7

Altars:
Elyvilon
The Shining One

Annotations:
D:4 1 runed translucent door, Crazy Yiuf, Duvessa


Message History

You kill the ball python!
You see here an adder corpse.
Dowan, Brother of Duvessa comes into view.
He is wielding a +0 dagger of speed.
Enter note: You shoot an arrow.
The arrow hits Dowan!
Dowan is moderately wounded.
Duvessa, Sister of Dowan comes into view.
She is wielding a +0 short sword and wearing a +6 chain mail of ponderousness.
You shoot an arrow. The arrow hits Dowan!
Dowan is severely wounded.
You shoot an arrow.
The arrow hits Dowan but does no damage.
Dowan is severely wounded.
Dowan points at you and mumbles some strange words.
You resist with some effort.
You shoot an arrow. The arrow completely misses Dowan.
The arrow hits Duvessa!
Duvessa is moderately wounded.
Dowan closely misses you.
You shoot an arrow. The arrow hits Dowan!
You kill Dowan!
Duvessa screams, "No!
How DARE you!"
Duvessa goes berserk!
Your Ranged Weapons skill increases to level 8!
You shoot an arrow. The arrow hits Duvessa.
Duvessa is moderately wounded.
Duvessa hits you with a +0 short sword! x2
You shoot an arrow. The arrow hits Duvessa!
Duvessa is heavily wounded.
Duvessa hits you with a +0 short sword! x2
You shoot an arrow.
The arrow hits Duvessa but does no damage.
Duvessa is heavily wounded.
Duvessa closely misses you.
You shoot an arrow. The arrow hits Duvessa.
Duvessa is heavily wounded.
Duvessa misses you. Duvessa hits you but does no damage.
You shoot an arrow.
The arrow hits Duvessa but does no damage.
Duvessa is heavily wounded.
Duvessa hits you with a +0 short sword! x2
You die...

.... .##.# .... . .#...#
.....## ..#...# ...#.
.##.#...# ....
....#...######## #..
##........#.#..#
##e##..............#
#..@%...##........##
#.....#.............#
#....##......#..##.###
........#......#.....###
............)<[..#..###.
..................#..##.
#..........>....###.....
...#.....#.......##.....
.# .....###..#...#....#


You could see Duvessa (berserk).

Vanquished Creatures
  Eustachio (D:4)
  An ogre (D:3)
  Blork the orc (D:3)
  Dowan (D:4)
  Ijyb (D:4)
  Robin (D:2)
  2 adders
  4 worms
  2 dart slugs
  5 orcs (D:3)
  6 endoplasms
  A giant cockroach (D:3)
  15 goblins
  A hobgoblin (D:2)
  7 kobolds
  3 quokkas
  9 ball pythons
  5 bats
  3 frilled lizards (D:2)
69 creatures vanquished.

Notes
Turn   | Place    | Note
-------+----------+-------------------------------------------
     0 | D:1      | qw the Minotaur Hunter began the quest for the Orb.
     0 | D:1      | Reached XP level 1. HP: 18/18 MP: 0/0
     0 | D:1      | 0 ||| qw: Version: 0.2-a-117-gc6b5c8b
     0 | D:1      | 0 ||| qw: Game counter: 2648
     0 | D:1      | 0 ||| qw: Always use a shield: true
     0 | D:1      | 0 ||| qw: God list: Okawaru
     0 | D:1      | 0 ||| qw: Allow faded altars: false
     0 | D:1      | 0 ||| qw: Do Orc after D:15 true
     0 | D:1      | 0 ||| qw: Do second Lair branch before Depths: true
     0 | D:1      | 0 ||| qw: Lair rune preference: random
     0 | D:1      | 0 ||| qw: Plans: Normal
     0 | D:1      | 0 ||| PLANNING D:1-11
   402 | D:1      | Reached XP level 2. HP: 25/25 MP: 1/1
   446 | D:1      | Reached skill level 5 in Ranged Weapons
   742 | D:1      | 742 ||| UPGRADING to +0 ring mail.
   752 | D:1      | 752 ||| DROPPING +0 leather armour.
   753 | D:1      | 753 ||| READING scroll labelled YSTREI IRAGU.
   754 | D:1      | 754 ||| READING scroll labelled MEYNLOO QA SYA.
   755 | D:1      | 755 ||| DROPPING scroll of butterflies.
   768 | D:2      | Reached skill level 1 in Armour
   798 | D:2      | Reached skill level 3 in Fighting
   804 | D:2      | Reached XP level 3. HP: 13/31 MP: 2/2
   852 | D:2      | Noticed Robin
   857 | D:2      | Killed Robin
  1556 | D:2      | 1556 ||| READING scroll labelled BOEL TEKOB KAO.
  1557 | D:2      | 1557 ||| READING scroll labelled SUAZAMO HESAWN.
  1558 | D:2      | 1558 ||| READING scroll labelled GOAZITWEVIB.
  1559 | D:2      | 1559 ||| DRINKING 2 fizzy purple potions.
  1560 | D:2      | 1560 ||| READING 2 scrolls of identify.
  1560 | D:2      | 1560 ||| IDENTIFYING red potion
  1561 | D:2      | 1561 ||| DROPPING potion of degeneration.
  1665 | D:3      | Reached XP level 4. HP: 38/38 MP: 3/3
  1734 | D:3      | 1734 ||| READING scroll of enchant weapon.
  1734 | D:3      | 1734 ||| ENCHANTING +1 shortbow.
  1822 | D:3      | Reached skill level 6 in Ranged Weapons
  1916 | D:3      | Noticed an ogre
  1924 | D:3      | Killed an ogre
  1925 | D:3      | Reached XP level 5. HP: 48/48 MP: 4/4
  1968 | D:3      | Found a white marble altar of Elyvilon.
  1968 | D:3      | Found a glowing golden altar of the Shining One.
  2224 | D:3      | 2224 ||| UPGRADING to +0 cloak.
  2229 | D:3      | 2229 ||| READING scroll labelled RIOTAV SYXZAMP.
  2229 | D:3      | Identified a scroll of acquirement
  2229 | D:3      | 2229 ||| ACQUIRING -2 hat of Circular Logic {Dex+3 Slay+6}
  2229 | D:3      | Acquired the -2 hat of Circular Logic {Dex+3 Slay+6}
  2231 | D:3      | 2231 ||| UPGRADING to -2 hat of Circular Logic {Dex+3
                  | Slay+6}.
  2236 | D:3      | 2236 ||| READING scroll labelled NAER ARRISS.
  2237 | D:3      | 2237 ||| READING scroll labelled TULITUIROF.
  2240 | D:3      | 2240 ||| DRINKING 2 fizzy brown potions.
  2241 | D:3      | 2241 ||| READING 2 scrolls of identify.
  2241 | D:3      | 2241 ||| IDENTIFYING ruby potion
  2242 | D:3      | 2242 ||| DROPPING potion of invisibility.
  2281 | D:4      | Noticed Ijyb
  2284 | D:4      | Noticed Blork the orc
  2288 | D:4      | Killed Ijyb
  2290 | D:4      | 2290 ||| STAIRDANCE
  2300 | D:3      | Killed Blork the orc
  2301 | D:3      | Reached XP level 6. HP: 21/56 MP: 5/5
  2470 | D:4      | Found a runed translucent door.
  2471 | D:4      | Noticed Crazy Yiuf
  2526 | D:4      | Noticed Eustachio
  2533 | D:4      | 2533 ||| FLEEEEING.
  2542 | D:4      | 2542 ||| FLEEEEING.
  2546 | D:4      | 2546 ||| FLEEEEING.
  2547 | D:4      | 2547 ||| FLEEEEING.
  2566 | D:4      | HP: 13/56 [ufetubus[Eustachio] (3)]
  2573 | D:4      | 2573 ||| FLEEEEING.
  2574 | D:4      | 2574 ||| FLEEEEING.
  2575 | D:4      | 2575 ||| FLEEEEING.
  2576 | D:4      | 2576 ||| FLEEEEING.
  2577 | D:4      | 2577 ||| STAIRDANCE
  2737 | D:4      | Killed Eustachio
  2738 | D:4      | Reached skill level 7 in Ranged Weapons
  2748 | D:4      | Noticed Dowan
  2749 | D:4      | Noticed Duvessa
  2753 | D:4      | Killed Dowan
  2754 | D:4      | Reached skill level 8 in Ranged Weapons
  2758 | D:4      | HP: 5/56 [Duvessa/+0 short sword (13)]
  2758 | D:4      | Mangled by Duvessa

Levels and vault maps discovered:
D:1:      dpeg_arrival_chambers_temple_mockup, layout_loops_cross
D:2:      layout_loops_ring, uniq_robin
D:3:      layout_basic, gammafunk_temple_overflow_pools, grunt_ministairs_13
D:4:      layout_cave_pools, gammafunk_ghost_grave, minmay_misc_feat_iff,
          uniq_ijyb, uniq_blork_the_orc, uniq_eustachio, uniq_duvessa,
          uniq_crazy_yiuf_cottage

Skill      XL: |  1  2  3  4  5  6 |
---------------+-------------------+-----
Ranged Weapons | 5 6 8 |  8.0
Armour         | 1 |  1.0
Fighting       | 3 5 |  5.0
Dodging        | |  2.1
Stealth        | |  0.7

Action                     |  1- 3 |  4- 6 || total
---------------------------+-------+-------++-------
   Fire: Shortbow          |   135 |   122 ||   257
    Use: Scroll            |     6 |     5 ||    11
         Potion            |     1 |     1 ||     2
 Armour: Leather armour    |     8 |       ||     8
         Ring mail         |    19 |    25 ||    44
  Dodge: Dodged            |    46 |    56 ||   102

Table legend:
 A = Non-vault XP
 B = Vault XP
 C = Vault XP percentage of total XP
 D = Non-vault monster count
 E = Vault monster count
 F = Vault count percentage of total count
                 A         B        C        D         E       F
            +---------+---------+-------+---------+---------+-------
      Total |     224 |     455 |  67.0 |      46 |      23 |  33.3
            +---------+---------+-------+---------+---------+-------
        D:1 |      22 |       0 |   0.0 |      12 |       0 |   0.0
        D:2 |      35 |      38 |  52.1 |      19 |      13 |  40.6
        D:3 |     146 |     122 |  45.5 |      11 |       7 |  38.9
        D:4 |      21 |     295 |  93.4 |       4 |       3 |  42.9
            +---------+---------+-------+---------+---------+-------
